 Dungeon Crawl Stone Soup version 0.31-a0-1612-g4aaf141 (webtiles) character file.

Game seed: 6674856688832935421

4952 PidgeyThePirate the Cleaver (level 10, -12/118 HPs)
             Began as a Demonspawn Chaos Knight on Jan 9, 2024.
             Was a Plaything of Xom.
             Mangled by a cyclops (21 damage)
             ... on level 7 of the Dungeon.
             The game lasted 00:16:26 (7363 turns).

PidgeyThePirate the Cleaver (DsCK)                  Turns: 7363, Time: 00:16:28

Health: -12/118    AC: 25    Str: 20    XL:     10   Next: 28%
Magic:  10/10      EV:  2    Int: 11    God:    Xom [*.....]
Gold:   488        SH:  0    Dex: 15    Spells: 9/9 levels left

rFire   + . .        b - +0 hand axe (chaos)
rCold   + + .        (no shield)
rNeg    . . .        H - melded +0 swamp dragon scales
rPois   +            j - melded +0 hat
rElec   +            x - melded +0 cloak
rCorr   +            y - melded +0 pair of gloves
SInv    +            s - melded +0 pair of boots
Will    .....        (no amulet)
Stlth   +++          k - ring of see invisible
HPRegen 0.39/turn    w - ring of protection from cold
MPRegen 0.12/turn

%: no passive effects
@: tree-form, resistant, weak-willed
A: stationary, stasis, torment immunity, boosted hp, (hooves 1), demonic
guardian 2, (weakness stinger 1), (demonic touch 2), agile 1, (fire resistance
1), sense surroundings 1, strong 1
a: Renounce Religion


You were on level 7 of the Dungeon.
You worshipped Xom.
You were a special plaything of Xom.
You were a tree.
You visited 1 branch of the dungeon, and saw 7 of its levels.

You collected 488 gold pieces.

Inventory:

Hand Weapons
 a - a +1 arbalest of chaos
 b - a +0 hand axe of chaos (weapon)
 o - the +7 Throatcutter {drain, coup de grace}
   (You found it on level 5 of the Dungeon)
 p - a +2 antimagic hand axe
Missiles
 r - a throwing net (quivered)
Armour
 c - +0 acid dragon scales
 j - a +0 hat (melded)
 s - a +0 pair of boots (melded)
 x - a +0 cloak (melded)
 y - a +0 pair of gloves (melded)
 F - a +2 leather armour
 H - +0 swamp dragon scales (melded)
Magical Staves
 g - a staff of conjuration
Jewellery
 k - a ring of see invisible (left branch)
 w - a ring of protection from cold (right branch)
Wands
 q - a wand of acid (6)
 B - a wand of charming (10)
 G - a wand of flame (13)
Scrolls
 e - a scroll of amnesia {unknown}
 f - 4 scrolls of identify
 h - 2 scrolls of teleportation
 i - a scroll of immolation {unknown}
 l - 4 scrolls of enchant weapon {unknown}
 m - a scroll of blinking {unknown}
 t - 2 scrolls of noise {unknown}
 u - a scroll of enchant armour {unknown}
 v - a scroll of fear {unknown}
 z - 2 scrolls of vulnerability
Potions
 d - a potion of degeneration
 n - a potion of might


   Skills:
 + Level 7.3 Fighting
 * Level 9.5 Axes
 + Level 1.9 Ranged Weapons
 + Level 4.8 Armour
 + Level 5.6 Dodging
 + Level 4.4 Stealth


You had 9 spell levels left.
You didn't know any spells.
Your spell library contained the following spells:

 Spells                   Type           Power      Damage    Failure   Level
 Call Canine Familiar     Summ           0%         N/A       71%         3
 Inner Flame              Hex/Fire       0%         N/A       71%         3
 Sigil of Binding         Hex            0%         N/A       71%         3
 Dimensional Bullseye     Hex/Tloc       0%         N/A       98%         4
 Flame Wave               Conj/Fire      0%         2d4       98%         4
 Sticky Flame             Fire/Alch      0%         2d4       98%         4


Dungeon Overview and Level Annotations

Branches:
Dungeon (7/15)             Temple (0/1) D:4

Altars:
Fedhas
Makhleb
Okawaru
Trog
Vehumet
Xom

Shops:
D:3 (   D:4 [


Innate Abilities, Weirdness & Mutations

You are a tree.
Your roots penetrate the ground, keeping you stationary.
You cannot be teleported.
You are immune to unholy pain and torment.
Your maximum health is greatly increased.
Your equipment is partially melded.
((You have large cloven feet.))
A demonic guardian rushes to your aid.
((You have a small tail.))
((Your touch may inflict irresistible damage on your foes.))
You are agile. (Dex +4, Str/Int -1)
((Your flesh is heat resistant. (rF+)))
You passively map a small area around you.
Your muscles are strong. (Str +4, Int/Dex -1)


Message History

It was a potion of cancellation.
Your magical effects are unravelling.
You feel magically purged.
You feel yourself slow down. The water moccasin barely misses you.
It was a potion of lignification.
You turn into a tree.
Your +0 cloak melds into your body.
Your +0 hat melds into your body.
Your +0 pair of gloves melds into your body.
Your +0 pair of boots melds into your body.
Your +0 swamp dragon scales melds into your body.
Your roots penetrate the ground.
Xom roars with laughter!
Your orange demon stings the water moccasin!
The water moccasin dies!
The centaur shoots an arrow.
The arrow hits your orange demon.
You hit the jelly.
You feel better.
Your branches burn!
* * * LOW HITPOINT WARNING * * *
The jelly is lightly wounded.
Your orange demon stings the jelly!
Your orange demon is burned by acid!
Your orange demon hits the jelly!
The jelly dies!
A jelly comes into view.
The centaur unwields a +0 orcbow.
The centaur hits your orange demon.
The centaur kicks your orange demon but does no damage.
It was a potion of resistance.
You feel protected.
Your orange demon stings the centaur!
The centaur looks as sick as possible!
Your orange demon poisons the centaur!
Your orange demon hits the centaur but does no damage.
The centaur wields a +0 orcbow.
The centaur shoots an arrow.
The arrow hits your orange demon!
As you read the scroll labelled MANUEFALLE, it crumbles to dust.
A wave of despondency washes over your surroundings.
It was a scroll of vulnerability.
The centaur shoots an arrow.
The arrow hits your orange demon.
Your orange demon stings the centaur.
Your orange demon hits the centaur but does no damage.
The cyclops hits you!!
You die...
Xom chortles!

, * .## , *. .# ,,
,....,, *#....# .# . * .
.# , ##.## #....# .#.#
,#) #. ##.....##,.....
.#!# ,
..##.###..#.#..##....#* ,
..# **,*
..#.#..##.##..##...# .#
,, *#.c..#.....#..#...#
.# , ,
#..4##.....##.#...#, ,
.##, #J.C♣.......)....#
b.## ,**
#..##.....##†#...#, #..##
,,####..#.....#..#...#+##
##..###
..,.###..##.##†.##.......
##gb.##.
,.###..#.#..##.......†
#b.##. *
.###.....##.........
#b##b ,
.####.###..#.#..... #.#.#
D[ *#.#.########.#..... #
#b#.#.uC$
#.#.#....###.#.)...


You could see a cyclops (poisoned, weak-willed), a centaur (extremely poisoned,
weak-willed, ally target), a jelly (weak-willed) and a friendly orange demon
(summoned, weak-willed).

Vanquished Creatures
  Maurice (D:7)
  Maggie (D:7)
  A dream sheep (D:7)
  Sigmund (D:3)
  A vampire mosquito (D:7)
  A steam dragon (D:7)
  An acid dragon (D:7)
  Duvessa (D:5)
  A sky beast (D:7)
  2 ogres
  2 centaurs (D:6)
  4 kobold brigands (D:5)
  A necrophage (D:5)
  3 bullfrogs
  3 scorpions
  Dowan (D:5)
  6 wights (D:6)
  2 hounds
  An orc priest (D:6)
  A jelly (D:7)
  3 iguanas
  A gnoll bouda (D:7)
  4 orc wizards
  A hound skeleton (D:5)
  4 gnolls (D:7)
  6 adders
  A white imp (D:6)
  3 ribbon worms (D:4)
  2 dart slugs
  12 orcs
  5 endoplasms
  8 giant cockroaches
  5 goblins
  4 hobgoblins
  14 jackals
  7 ball pythons
  4 bats
  A frilled lizard (D:1)
  7 kobolds
  4 rats
  A spectral kobold (D:1)
132 creatures vanquished.

Vanquished Creatures (collateral kills)
  Prince Ribbit (D:5)
  A dream sheep (D:7)
  A steam dragon (D:4)
  Menkaure (D:5)
  3 water moccasins (D:7)
  2 black bears
  An ogre (D:4)
  A bullfrog (D:7)
  2 wights (D:6)
  A hound (D:6)
  A jelly (D:7)
  A gnoll bouda (D:7)
  A jackal (D:5)
17 creatures vanquished.

Vanquished Creatures (others)
  A kobold brigand (D:5)
  An iguana zombie (D:5)
2 creatures vanquished.

Grand Total: 151 creatures vanquished

Notes
Turn   | Place    | Note
-------+----------+-------------------------------------------
     0 | D:1      | PidgeyThePirate the Demonspawn Chaos Knight began the quest
                  | for the Orb.
     0 | D:1      | Reached XP level 1. HP: 18/18 MP: 1/1
    67 | D:1      | XOM: silly message
    73 | D:1      | XOM: divination: magic mapping
    77 | D:1      | XOM: silly message
   209 | D:1      | Found a faded altar of an unknown god.
   262 | D:1      | Discovered your monstrous ancestry.
   262 | D:1      | Gained mutation: Your touch may inflict minor irresistible
                  | damage on your foes. [demonic ancestry]
   262 | D:1      | Reached XP level 2. HP: 23/24 MP: 2/2
   294 | D:1      | XOM: god gift: staff of conjuration
   972 | D:2      | Reached skill level 1 in Dodging
  1016 | D:2      | Identified the +3 whip of Exquisite Torment {vamp, Will-
                  | rCorr Str+6}
  1028 | D:2      | Reached skill level 3 in Axes
  1279 | D:2      | XOM: 2-stop teleportation journey
  1450 | D:2      | XOM: smoke on damage
  1452 | D:2      | Gained mutation: Your touch may inflict irresistible damage
                  | on your foes. [demonic ancestry]
  1452 | D:2      | Reached XP level 3. HP: 24/30 MP: 3/3
  1797 | D:3      | Noticed Sigmund
  1808 | D:3      | Killed Sigmund
  1809 | D:3      | Gained mutation: You have a small tail. [demonic ancestry]
  1809 | D:3      | Reached XP level 4. HP: 12/37 MP: 4/4
  1809 | D:3      | Gained mutation: A weak demonic guardian rushes to your
                  | aid. [demonic ancestry]
  1809 | D:3      | Reached XP level 5. HP: 14/42 MP: 5/5
  1924 | D:3      | Found Hessong's Weapon Shoppe.
  1961 | D:3      | XOM: summons 3 hostile demons
  2201 | D:3      | Reached skill level 4 in Axes
  2619 | D:3      | Reached XP level 6. HP: 49/49 MP: 6/6
  2759 | D:3      | XOM: noise
  2834 | D:4      | Found a staircase to the Ecumenical Temple.
  2916 | D:4      | Found Ijytin's Antique Armour Shoppe.
  2922 | D:4      | Noticed a steam dragon
  2945 | D:4      | XOM: noise
  2951 | D:4      | XOM: potion effect (heal wounds)
  2952 | D:4      | XOM: cast spell 'Animate Armour'
  2956 | D:4      | Killed a steam dragon
  2957 | D:4      | Reached skill level 1 in Stealth
  3099 | D:4      | XOM: silly message
  3215 | D:4      | Reached XP level 7. HP: 53/55 MP: 7/7
  3244 | D:4      | Reached skill level 5 in Fighting
  3366 | D:4      | XOM: cloud trail
  3402 | D:4      | XOM: divination: detect creatures
  3417 | D:4      | Found an iron altar of Okawaru.
  3437 | D:4      | XOM: 2-stop teleportation journey
  3650 | D:4      | XOM: scenery: 4 doors close
  3711 | D:4      | XOM: god gift: scroll labelled CUGHIONIRE {god gift}
  3724 | D:4      | XOM: smoke on damage
  3731 | D:4      | Found a shimmering altar of Xom.
  4030 | D:5      | Entered Level 5 of the Dungeon
  4088 | D:5      | Noticed Dowan
  4088 | D:5      | Noticed Duvessa
  4089 | D:5      | Found a radiant altar of Vehumet.
  4098 | D:5      | Killed Duvessa
  4099 | D:5      | Reached skill level 5 in Axes
  4112 | D:5      | Killed Dowan
  4334 | D:5      | Noticed Menkaure
  4336 | D:5      | XOM: scenery: create altars
  4340 | D:5      | Killed Menkaure
  4341 | D:5      | Gained mutation: A demonic guardian rushes to your aid.
                  | [demonic ancestry]
  4341 | D:5      | Reached XP level 8. HP: 34/63 MP: 8/8
  4519 | D:5      | Noticed Prince Ribbit
  4539 | D:5      | Killed Prince Ribbit
  4648 | D:5      | Found the +7 Throatcutter {drain, coup de grace}
  4683 | D:5      | Reached skill level 6 in Axes
  4842 | D:5      | Found a burning altar of Makhleb.
  4850 | D:5      | XOM: summons 4 friendly demons
  5208 | D:6      | XOM: summons 4 friendly demons
  5234 | D:6      | XOM: polymorph crimson imp -> chaos spawn
  5367 | D:6      | Gained mutation: You have large cloven feet. [demonic
                  | ancestry]
  5367 | D:6      | Reached XP level 9. HP: 40/67 MP: 9/9
  5520 | D:6      | XOM: god gift: 38 gold pieces
  5732 | D:6      | XOM: summons 2 friendly demons
  5739 | D:6      | XOM: scenery: create altars
  5740 | D:6      | Reached skill level 7 in Axes
  5740 | D:6      | Reached skill level 5 in Dodging
  5893 | D:6      | XOM: divination: detect items
  6049 | D:6      | XOM: divination: detect items
  6081 | D:6      | XOM: torment (37/71 hp)
  6240 | D:6      | Found a bloodstained altar of Trog.
  6240 | D:6      | Found a blossoming altar of Fedhas.
  6307 | D:6      | XOM: chaos upgrade
  6638 | D:7      | Noticed Maurice
  6653 | D:7      | Reached skill level 8 in Axes
  6653 | D:7      | XOM: summons 1 hostile demon
  6682 | D:7      | Maurice stole the +7 Throatcutter {drain, coup de grace}
  6683 | D:7      | Maurice stole 275 gold
  6685 | D:7      | Killed Maurice
  6686 | D:7      | Reached skill level 1 in Ranged Weapons
  6759 | D:7      | Noticed Maggie
  6770 | D:7      | Killed Maggie
  6771 | D:7      | Reached XP level 10. HP: 64/79 MP: 10/10
  6910 | D:7      | XOM: scenery: create altars
  6916 | D:7      | Gained mutation: Your flesh is heat resistant. (rF+)
                  | [potion of mutation]
  6916 | D:7      | Gained mutation: Your muscles are strong. (Str +4, Int/Dex
                  | -1) [potion of mutation]
  6916 | D:7      | Gained mutation: You are agile. (Dex +4, Str/Int -1)
                  | [potion of mutation]
  6916 | D:7      | Gained mutation: You passively map a small area around you.
                  | [potion of mutation]
  6926 | D:7      | XOM: fog
  6938 | D:7      | Noticed a cyan ugly thing
  6938 | D:7      | Noticed a cyclops
  7053 | D:7      | XOM: noise
  7089 | D:7      | Reached skill level 9 in Axes
  7347 | D:7      | XOM: confusion
  7357 | D:7      | XOM: noise
  7363 | D:7      | Mangled by a cyclops

Illustrated notes

Levels and vault maps discovered:
D:1:      lightli_arrival_farm, layout_basic,
          dreamdust_ecumenical_altar_drowned_temple
D:2:      layout_loops_cross
D:3:      layout_rooms, serial_shops, nicolae_diamond_shop,
          nicolae_eternal_life, minmay_increasing_density, uniq_sigmund
D:4:      layout_gridville, okawaru_metal_pillars_1_2, lemuel_round_altar,
          minmay_temple_entry_statues_fountains, serial_shops, shop
D:5:      layout_rooms, mainiacjoe_overflow_cross_hatched,
          makhleb_blood_cavern_becter, corexii_shack,
          dilly_guarded_unrand_throatcut, uniq_duvessa, uniq_menkaure,
          uniq_prince_ribbit1
D:6:      layout_basic, nicolae_overflow_squiral
D:7:      minmay_the_grid_octo_triangle [minmay_the_grid_octo_checkerflower,
          minmay_the_grid_octo_prize_big_c, minmay_the_grid_octo_horde],
          layout_basic, dreamdust_gnoll_shepherd, uniq_maurice, uniq_maggie

Skill      XL: |  1  2  3  4  5  6  7  8  9 10 |
---------------+-------------------------------+-----
Dodging        | 1 2 3 4 5 |  5.6
Axes           | 3 4 5 6 8 9 |  9.5
Armour         | 2 3 4 |  4.8
Fighting       | 4 5 6 7 |  7.3
Stealth        | 1 2 3 4 |  4.4
Ranged Weapons | 1 |  1.9

Action                     |  1- 3 |  4- 6 |  7- 9 | 10-12 || total
---------------------------+-------+-------+-------+-------++-------
  Melee: Hand axe          |    98 |    67 |   219 |    60 ||   444
         Touch             |    12 |    13 |    43 |    10 ||    78
         Tailslap          |       |    15 |    32 |     9 ||    56
         Punch             |       |       |     2 |     1 ||     3
   Fire: Arbalest          |       |       |     8 |     4 ||    12
    Use: Potion            |     2 |     2 |     6 |     5 ||    15
         Scroll            |       |     1 |       |     3 ||     4
   Stab: Paralysed         |       |     2 |     2 |       ||     4
         Invisible         |       |       |     3 |       ||     3
         Sleeping          |       |       |     3 |       ||     3
         Distracted        |       |       |     1 |       ||     1
 Armour: Leather armour    |    77 |    74 |   176 |       ||   327
         Swamp dragon scal |       |       |       |    47 ||    47
         Skin              |       |       |       |     1 ||     1
  Dodge: Dodged            |    77 |    64 |   155 |    41 ||   337

Table legend: (Time is in decaauts)
 A = Elapsed time spent in this place.
 B = Non-inter-level travel time spent in this place.
 C = Inter-level travel time spent in this place.
 D = Time resting spent in this place.
 E = Time spent auto-exploring this place.
 F = Levels seen in this place.
 G = Mean time per level.
                   A        B        C        D        E       F      G
               +--------+--------+--------+--------+--------+-----+--------+
         Total |   7410 |   7137 |    273 |      0 |   5492 |   7 | 1058.6 |
       Dungeon |   7410 |   7137 |    273 |      0 |   5492 |   7 | 1058.6 |
               +--------+--------+--------+--------+--------+-----+--------+

Top non-repeatable levels by time:
     D:6: 1401 daAuts
     D:4: 1236 daAuts
     D:5: 1143 daAuts
     D:3: 1139 daAuts
     D:1: 888 daAuts
     D:2: 820 daAuts
     D:7: 781 daAuts
